 Dungeon Crawl Stone Soup version 0.17.2-1-ge4368a0 (webtiles) character file.

401 Goblin1989 the Cudgeler (level 6, -2/47 HPs)
             Began as a Demonspawn Artificer on Nov 9, 2016.
             Was a Believer of Cheibriados.
             Slain by Goblin1989's ghost (5 damage)
             ... on level 4 of the Dungeon.
             The game lasted 00:11:44 (3191 turns).

Goblin1989 the Cudgeler (Demonspawn Artificer)      Turns: 3191, Time: 00:11:44

Health: -2/47      AC:  8    Str: 17    XL:     6   Next: 54%
Magic:  6/8        EV: 16    Int: 18    God:    Cheibriados [**....]
Gold:   76         SH:  0    Dex: 17    Spells: 0 memorised, 5 levels left

rFire  + . .     SeeInvis .     a - +0 mace
rCold  . . .     Clarity  .     i - +0 ring mail
rNeg   . . .     SustAt   .     (no shield)
rPois  .         Gourm    .     y - +2 hat
rElec  .         Spirit   .     (no cloak)
rCorr  .         Warding  .     (no gloves)
rMut   .         Stasis   .     (no boots)
MR     .....                    (no amulet)
Stlth  +.........               j - +5 ring of evasion
                                l - ring of flight

@: very slow, not resistant to hostile enchantments, very unstealthy
A: hooves 2, molten scales 1, fire resistance 1
a: Bend Time, Renounce Religion, Evoke Flight


You were on level 4 of the Dungeon.
You worshipped Cheibriados.
Cheibriados was pleased with you.
You were not hungry.

You visited 1 branch of the dungeon, and saw 4 of its levels.

You collected 76 gold pieces.

Inventory:

Hand Weapons
 a - a +0 mace (weapon)
 q - a +0 whip
Missiles
 d - 90 stones (quivered)
 e - 12 steel bolts
 g - 26 sling bullets
 n - 28 poisoned needles
 s - 8 bolts of frost
 w - 24 bolts
 x - 14 arrows
 Z - a throwing net {=f, !d}
Armour
 i - a +0 ring mail (worn)
 y - a +2 hat (worn)
Jewellery
 j - a +5 ring of evasion (right hand)
 l - a ring of flight (left hand)
Wands
 E - a wand of enslavement (15)
Scrolls
 c - a scroll of noise {unknown}
 o - 5 scrolls of remove curse {unknown}
 p - a scroll of blinking {unknown}
 r - a scroll of teleportation {unknown}
 t - a scroll of enchant weapon {unknown}
 u - 3 scrolls of identify {unknown}
 v - a scroll of enchant armour {unknown}
Potions
 b - 2 potions of curing {@q1}
 h - a potion of might {unknown}
 k - a potion of resistance {unknown}
Comestibles
 f - 3 bread rations {@e1}
 m - 4 fruits
 z - a meat ration {@e2}


   Skills:
 - Level 3.0 Fighting
   Level 0.8 Short Blades
 * Level 4.9 Maces & Flails
 - Level 1.7 Dodging
 - Level 0.8 Stealth
 - Level 3.0 Invocations
 - Level 3.0 Evocations


You had 5 spell levels left.
You didn't know any spells.

Dungeon Overview and Level Annotations

Branches:
Dungeon (4/15)
 Temple: D:4-7

Altars:
Cheibriados
Ru
Sif Muna
The Shining One
Jiyva

Annotations:
D:4 Goblin1989's ghost, amateur HOGl


Innate Abilities, Weirdness & Mutations

You have hoof-like feet.
You are partially covered in molten scales (AC +1).
Your flesh is heat resistant.


Message History

You kick Goblin1989's ghost, but do no damage.
Goblin1989's ghost is moderately damaged.
You hit Goblin1989's ghost but do no damage.
You kick Goblin1989's ghost, but do no damage.
Goblin1989's ghost is moderately damaged.
Goblin1989's ghost misses you.
You hit Goblin1989's ghost.
Goblin1989's ghost is moderately damaged.
Goblin1989's ghost barely misses you.
You hit Goblin1989's ghost.
You kick Goblin1989's ghost, but do no damage.
Goblin1989's ghost is heavily damaged.
Goblin1989's ghost hits you!
* * * LOW HITPOINT WARNING * * *
You take 12 damage, and have 3/47 hp.
MASSIVE DAMAGE!!
You hit Goblin1989's ghost.
You kick Goblin1989's ghost, but do no damage.
Goblin1989's ghost is heavily damaged.
Goblin1989's ghost hits you.
You die...

..█ ..█ .. █.
...█ █.█
█.███████...██
...
█.█........$..
█.█
█.............
█.█
█..[..W......
███.████..⌂.@█
█......█.....█
█............█
██
█...██..)███...█
.████....█..██
███....
.......█.█..█
██.█
..███..█.█..█ ..
...██.......█ .
.........████


You could see Goblin1989's ghost.

Vanquished Creatures
  Sigmund (D:3)
  A jelly (D:4)
  Ijyb (D:3)
  A centaur skeleton (D:4)
  4 gnolls (D:3)
  4 adders
  5 oozes
  4 worms
  An orc (D:3)
  2 giant cockroaches
  6 goblins
  6 hobgoblins
  7 jackals
  6 kobolds
  2 ball pythons
  4 bats
  A giant gecko (D:2)
  A giant newt (D:3)
  7 rats
64 creatures vanquished.

Notes
Turn   | Place    | Note
--------------------------------------------------------------
     0 | D:1      | Goblin1989 the Demonspawn Artificer began the quest for the Orb.
     0 | D:1      | Reached XP level 1. HP: 15/15 MP: 3/3
   565 | D:2      | Gained mutation: You are partially covered in molten scales (AC +1). [demonic ancestry]
   565 | D:2      | Reached XP level 2. HP: 20/23 MP: 4/4
   765 | D:2      | Gained mutation: You have large cloven feet. [demonic ancestry]
   765 | D:2      | Reached XP level 3. HP: 29/29 MP: 5/5
   875 | D:2      | Found a snail-covered altar of Cheibriados.
   974 | D:2      | Became a worshipper of Cheibriados the Contemplative
  1123 | D:2      | Reached skill level 1 in Maces & Flails
  1286 | D:2      | Found a sacrificial altar of Ru.
  1854 | D:3      | Gained mutation: You have hoof-like feet. [demonic ancestry]
  1854 | D:3      | Reached XP level 4. HP: 35/35 MP: 6/6
  1867 | D:3      | Reached * piety under Cheibriados
  2241 | D:3      | Found a glowing golden altar of the Shining One.
  2312 | D:3      | Noticed Sigmund
  2360 | D:3      | Killed Sigmund
  2360 | D:3      | Reached skill level 4 in Maces & Flails
  2360 | D:3      | Gained mutation: Your flesh is heat resistant. [demonic ancestry]
  2360 | D:3      | Reached XP level 5. HP: 18/41 MP: 4/7
  2360 | D:3      | Reached XP level 6. HP: 20/47 MP: 4/8
  2583 | D:3      | Noticed Ijyb
  2668 | D:3      | Killed Ijyb
  2729 | D:3      | Found a deep blue altar of Sif Muna.
  3018 | D:4      | Found a viscous altar of Jiyva.
  3024 | D:4      | Reached ** piety under Cheibriados
  3172 | D:4      | Noticed Goblin1989's ghost (amateur HOGl)
  3191 | D:4      | Slain by Goblin1989's ghost

Action                   |  1- 3 |  4- 6 || total
-------------------------+-------+-------++-------
Melee: Short sword       |   123 |    46 ||   169
       Whip              |       |   165 ||   165
       Mace              |       |    29 ||    29
Invok: Bend Time         |       |     3 ||     3
Evoke: Wand              |    11 |     4 ||    15
  Use: Potion            |       |     2 ||     2
 Stab: Distracted        |     1 |       ||     1
  Eat: Chunk             |     3 |     3 ||     6

Vault maps used:
D:1:      dpeg_arrival_rhombus, minmay_misc_feat_five
D:2:      old_standard_altar, cheibriados_altar_1
D:3:      nicolae_overflow_crystal_walls, tso_metal_star, uniq_sigmund,
          uniq_iyjb
D:4:      jiyva_altar_1
